Cogmind - Beta 17.1 @@@ ROGUE MODE // 2026.09.11 @ 17:32:40 Player: 4R-ZE3 Result: Self-destructed Performance ------------- Evolutions (2) 1000 Regions Visited (3) 600 Robots Destroyed (82) 410 Value Destroyed (2545) 2545 Prototype IDs (1) 20 Alien Tech Used (0) 0 Bonus (22) 22 TOTAL SCORE: 4597 Bonus ------- High Alert Combat Kills 22 Cogmind --------- Core Integrity 138/550 Matter 257/300 Energy 141/160 System Corruption 0% Temperature Cool (0) Movement Treading (240) Ox1 Location -8/Materials Parts ------- > --- POWER (1) -------- Light Nuclear Core > --- PROPULSION (4) --- Light Treads Light Treads Light Treads > --- UTILITY (4) ------ Cooling System Huge Storage Unit Improved Signal Interpreter > --- WEAPON (2) ------- Improved Medium Laser Improved Medium Laser > --- INVENTORY (25) --- Light Treads Cooling System Structural Scanner Hardened Medium Armor Plating Riot Gun Improved Medium Laser Improved Medium Laser Improved Medium Laser Pulse Rifle Flak Gun Flak Gun Flak Gun Flak Gun Flak Cannon Flak Cannon Flak Cannon Flak Cannon Flak Cannon Flak Cannon Flak Cannon Improved Grenade Launcher Heavy Mace Peak State ------------ > --- POWER ------------ Light Nuclear Core > --- PROPULSION ------- Light Treads Light Treads Light Treads Armored Treads > --- UTILITY ---------- Cooling System Huge Storage Unit Improved Signal Interpreter Hardened Medium Armor Plating > --- WEAPON ----------- Improved Medium Laser Improved Medium Laser > --- INVENTORY -------- Light Treads Light Treads Cooling System Cooling System Structural Scanner Hardened Medium Armor Plating Riot Gun Improved Medium Laser Improved Medium Laser Improved Medium Laser Improved Medium Laser Pulse Rifle Flak Gun Flak Gun Flak Gun Flak Gun Flak Cannon Flak Cannon Flak Cannon Flak Cannon Flak Cannon Flak Cannon Flak Cannon Improved Grenade Launcher Heavy Mace [Rating: 31] Favorites ----------- Power Ion Engine Engine Ion Engine Power Core Light Nuclear Core Propulsion Light Treads Treads Light Treads Utility High-capacity Storage Unit Device Heat Sink Storage High-capacity Storage Unit Processor Improved Signal Interpreter Protection Hardened Medium Armor Plating Weapon Improved Medium Laser Energy Gun Improved Medium Laser Energy Cannon Beam Cannon Ballistic Gun Subdweller Machine Gun Launcher Improved Grenade Launcher Impact Weapon Heavy Mace Build | -11 -10 -10 -8 ------- Run | Yrd Mat Sub Mat Slots Evolved 4 | . . . 4 Power . | . . . . Propulsion 2 | . . . 2 Utility 2 | . . . 2 Weapon . | . . . . Parts Attached 63 | 5 12 4 42 Power 9 | 1 2 . 6 Engine 3 | 1 1 . 1 Core 6 | . 1 . 5 Reactor . | . . . . Propulsion 20 | 1 3 . 16 Treads 20 | 1 3 . 16 Leg . | . . . . Wheel . | . . . . Hover . | . . . . Flight . | . . . . Utility 14 | 1 4 1 8 Device 6 | . 2 1 3 Storage 3 | 1 1 . 1 Processor 3 | . 1 . 2 Hackware . | . . . . Protection 2 | . . . 2 Artifact . | . . . . Weapon 20 | 2 3 3 12 Energy Gun 13 | 2 2 1 8 Energy Cannon 2 | . 1 1 . Ballistic Gun 3 | . . 1 2 Ballistic Cannon . | . . . . Launcher 1 | . . . 1 Special Weapon . | . . . . Impact Weapon 1 | . . . 1 Slashing Weapon . | . . . . Piercing Weapon . | . . . . Special Melee Weapon . | . . . . Unidentified Prototypes 1 | . . . 1 Parts Lost 19 | . 4 1 14 Power 5 | . 1 . 4 Propulsion 5 | . 1 . 4 Utility 2 | . . . 2 Weapon 7 | . 2 1 4 Highest Loss Streak 4 | . 2 1 4 To Critical Strikes . | . . . . Average Backups 17 | 2 11 17 23 Power . | . 1 1 . Propulsion 4 | 1 5 6 3 Utility 3 | . 2 3 4 Weapon 9 | . 2 7 15 Tool/Special . | . . . . Unused Backups 33 | . 1 . 32 Power . | . . . . Propulsion 2 | . 1 . 1 Utility 7 | . . . 7 Weapon 24 | . . . 24 Tool/Special . | . . . . Average Slot Usage (%) 97 | . 99 100 94 Engine 7 | . 11 14 1 Core 3 | . 2 . 5 Treads 31 | . 27 28 35 Device 10 | . 11 14 9 Storage 11 | . 14 14 9 Processor 3 | . 2 . 6 Protection 3 | . . . 7 Energy Gun 16 | . 16 14 16 Energy Cannon 6 | . 11 13 . Peak Build Rating 31 | 5 11 11 31 Average Rating 15 | 4 8 10 23 On Entrance 6 | . 5 8 11 Avg Prop Armor Cover (%) . | . . . . Naked Turns . | . . . . Heaviest Build 104 | 11 51 58 104 Greatest Support 80 | 20 40 40 80 Greatest Overweight (x) 1 | 1 1 1 1 Average Overweight (x) . | . . 1 1 Largest Inventory Capacity 25 | 8 20 20 25 Average Capacity 21 | 7 19 20 24 Most Carried 25 | 5 15 20 25 Average Carried 17 | 2 11 17 23 Final Capacity 25 | 8 20 20 25 Final Carried 22 | 5 15 20 22 Class Distribution -------------------- 68% | Mutant 31% | Scavenger-Mutant Dominant Class ---------------- Mutant | -10/Materials Mutant | -10/Subcaves Scavenger-Mutant | -8/Materials Resources | -11 -10 -10 -8 ----------- Run | Yrd Mat Sub Mat Matter Collected 1031 | 185 218 109 519 Remotely . | . . . . Salvage Created 3367 | . 1069 220 2078 Parts 180 | . 71 9 100 Haulers Intercepted 8 | . 2 . 6 Recyclers Shooed 2 | . 2 . . Parts Field Recycled . | . . . . Retrieved Matter . | . . . . Parts Self-Destructed 3 | . . 3 . Prevented . | . . . . Parts Restored . | . . . . Kills | -11 -10 -10 -8 ------- Run | Yrd Mat Sub Mat Combat Hostiles Destroyed 64 | . 23 5 36 Guns 49 | . 12 3 34 Cannons 12 | . 10 2 . Classes Destroyed 15 | . 6 1 8 Worker 1 | . 1 . . Builder 3 | . . . 3 Tunneler 1 | . 1 . . Hauler 8 | . 2 . 6 Recycler 3 | . . . 3 Operator 1 | . . . 1 Watcher 1 | . 1 . . Swarmer 10 | . 3 . 7 Grunt 36 | . 20 . 16 Brawler 2 | . . . 2 Duelist 1 | . . . 1 Sentry 6 | . . . 6 Hunter 3 | . . . 3 Heavy 1 | . . . 1 Subdweller 5 | . . 5 . Best Kill Streak 5 | . 3 2 5 Combat Bots Only 5 | . 3 2 5 Max Kills in Single Turn 2 | . 1 1 2 Gunslinging 1 | . . . 1 Exploded . | . . . . Melee . | . . . . Uniques/NPCs Destroyed . | . . . . Combat | -11 -10 -10 -8 -------- Run | Yrd Mat Sub Mat Hostile Shots Fired 392 | . 102 28 262 Missed 118 | . 32 11 75 Hits 274 | . 70 17 187 Projectile 274 | . 70 17 187 AOE 1 | . . . 1 Critical Strikes 9 | . 2 1 6 Damage Taken 4159 | . 840 358 2961 Core 660 | . 169 79 412 Absorbed by Shields . | . . . . Ignored by Resistances 78 | . . . 78 Core Remaining (%) 50 | 100 . . . Volleys Fired 242 | . 76 21 145 Largest 2 | . 2 2 2 Hottest 140 | . 105 140 140 Shots Fired 475 | . 150 42 283 Gun 407 | . 101 26 280 Cannon 65 | . 49 16 . Launcher 3 | . . . 3 Special . | . . . . Kinetic 31 | . . 5 26 Thermal 394 | . 107 37 250 Explosive 3 | . . . 3 Electromagnetic 47 | . 43 . 4 Robot Hit Streak 22 | . 11 17 22 Robot Miss Streak 3 | . 3 2 3 Penetration Max . | . . . . Secondary Targets 4 | . . . 4 Max Gunslinging Chain 1 | . . . 1 Shots Hit Robots 348 | . 110 32 206 Core Hits 132 | . 41 8 83 Critical Kills 1 | . 1 . . Critical Parts Destroyed 1 | . . . 1 Critical Strikes 15 | . 3 . 12 Burn 12 | . 1 . 11 Meltdown 1 | . 1 . . Destroy 1 | . . . 1 Corrupt 1 | . 1 . . Melee Attacks 3 | . . . 3 Impact 3 | . . . 3 Slashing . | . . . . Piercing . | . . . . Sneak Attacks . | . . . . Combat Hostiles . | . . . . Follow-up Attacks . | . . . . Damage Inflicted 5965 | . 1844 604 3517 Guns 4667 | . 943 355 3369 Cannons 976 | . 727 249 . Explosions 316 | . 168 . 148 Melee . | . . . . Ramming 6 | . 6 . . Kinetic 478 | . . 36 442 Thermal 4776 | . 1341 568 2867 Explosive 148 | . . . 148 Electromagnetic 557 | . 497 . 60 Impact . | . . . . Slashing . | . . . . Piercing . | . . . . Highest Corruption 2 | . 2 2 . Average Corruption 2 | . 2 2 . Corruption Purged . | . . . . Corruption Blocked . | . . . . Effects 38 | . 26 12 . Message Errors 11 | . 7 4 . Matter Fused 10 | . 6 4 . Heat Flow Errors 2 | . 2 . . Energy Discharges 5 | . 3 2 . Data Loss (minor) 5 | . 5 . . Misfires 3 | . 1 2 . Alerts 2 | . 2 . . Overload Shots . | . . . . Overflow Damage 16 | . 16 . . Projectiles 16 | . 16 . . Explosions . | . . . . Melee . | . . . . Knockbacks . | . . . . Impact . | . . . . Kinetic . | . . . . Secondary . | . . . . Self-Inflicted Damage 115 | . 47 . 68 Shots 4 | . 2 . 2 Rammed 3 | . 3 . . Targets Rammed 3 | . 3 . . Kicked . | . . . . Crushed . | . . . . Highest Temperature 318 | . 318 2 315 Average Temperature 75 | . 83 2 65 Received Heat Transfer 1578 | . 423 102 1053 Effects 1 | . 1 . . Energy Bleed 1 | . 1 . . Siege Activations . | . . . . Martial Activations . | . . . . Shielding Activations . | . . . . Robots Disrupted . | . . . . Combat Hostiles . | . . . . Robots Corrupted . | . . . . Combat Hostiles . | . . . . Parts Fried . | . . . . Impact Corruptions . | . . . . Robots Melted 3 | . 1 . 2 Combat Hostiles 3 | . 1 . 2 Parts Melted 27 | . 2 5 20 Heat Transferred 10770 | . 2870 857 7043 Parts Sabotaged . | . . . . Parts Stolen . | . . . . Parts Stripped . | . . . . Power Chain Reactions 2 | . 2 . . Alert | -11 -10 -10 -8 ------- Run | Yrd Mat Sub Mat Maximum Alert Level 2 | . 1 . 2 Low Security (%) 65 | 100 76 . 54 Level 1 33 | . 23 . 43 Level 2 . | . . . 1 Level 3 . | . . . . Level 4 . | . . . . Level 5 . | . . . . High Security . | . . . . Max Security . | . . . . Peak Influence 427 | . 254 . 427 Initial . | . . . . Average 174 | . 153 . 197 Influence Increases 1849 | . 738 . 1111 Destroy 0b10 Robot/C 1180 | . 460 . 720 Destroy 0b10 Robot/NC 90 | . 25 . 65 Destroy Leader 288 | . 86 . 202 Successful Hack 10 | . 10 . . Select Force Hacks 60 | . 60 . . Disable Machine 105 | . 75 . 30 Destroy Structure 41 | . 7 . 34 Partial Spotted 15 | . . . 15 Lose Combat Pursuer 60 | . 15 . 45 Influence Decreases 1424 | . 627 111 686 Entered New Map 54 | . . 54 . Time Decay 1220 | . 587 57 576 Lost Part 150 | . 40 . 110 Squads Dispatched 12 | . 4 . 8 Investigation 6 | . 3 . 3 Extermination . | . . . . Reinforcement 6 | . 1 . 5 Assault . | . . . . Garrison . | . . . . Intercept . | . . . . Searches Triggered . | . . . . Construction Impeded . | . . . . Haulers Reinforced . | . . . . Active Scanning Responses . | . . . . Cargo Convoy Interrupts . | . . . . Stealth | -11 -10 -10 -8 --------- Run | Yrd Mat Sub Mat Distress Signals 5 | . 2 . 3 Communications Jammed . | . . . . Distress Signals . | . . . . Times Spotted 112 | . 42 5 65 Peak Tracking Total 7 | . 5 2 7 Tactical Retreats 3 | . 1 . 2 Traps | -11 -10 -10 -8 ------- Run | Yrd Mat Sub Mat Traps Triggered . | . . . . Indirectly . | . . . . Trap Hack Attempts . | . . . . Triggered . | . . . . Disarmed . | . . . . Reprogrammed . | . . . . Reused . | . . . . Traps Extracted . | . . . . Installed . | . . . . Triggered . | . . . . Machines | -11 -10 -10 -8 ---------- Run | Yrd Mat Sub Mat Machines Disabled 8 | . 6 . 2 Max in Single Turn 2 | . 2 . 1 Machines Repaired . | . . . . Machines Dismantled . | . . . . Machines Sabotaged . | . . . . Overloaded Fab Kills . | . . . . Hacking | -11 -10 -10 -8 --------- Run | Yrd Mat Sub Mat Machines Accessed 14 | . 5 1 8 Terminals 9 | . 3 . 6 Fabricators . | . . . . Repair Stations . | . . . . Recycling Units 2 | . 2 . . Scanalyzers 1 | . . . 1 Garrison Access 1 | . . . 1 Total Hacks 38 | . 11 5 22 Successful 13 | . 6 5 2 Failed 24 | . 5 . 19 Catastrophic 5 | . 2 . 3 Database Lockouts 1 | . . . 1 Manual 28 | . 11 . 17 Terminals 25 | . 8 . 17 Fabricators . | . . . . Repair Stations . | . . . . Recycling Units 3 | . 3 . . Scanalyzers 2 | . . . 2 Garrison Access 3 | . . . 3 Terminal Hacks 8 | . 3 5 . Record 5 | . . 5 . Robot Analysis 2 | . 2 . . Recycling Unit Index 1 | . 1 . . Fabricator Hacks . | . . . . Repair Station Hacks . | . . . . Recycling Unit Hacks . | . . . . Scanalyzer 1 | . . . 1 Retrieve Study 1 | . . . 1 Garrison Access Hacks . | . . . . Unauthorized Hacks 4 | . 3 . 1 Terminals 2 | . 1 . 1 Botnet 2 | . 1 . 1 Fabricators . | . . . . Repair Stations . | . . . . Recycling Units 2 | . 2 . . Tunnel 2 | . 2 . . Scanalyzers . | . . . . Garrison Access . | . . . . Data Cores Recovered 1 | . . . 1 Used 1 | . . . 1 Hacking Detections 10 | . 3 . 7 Full Trace Events 5 | . 1 . 4 Feedback Events . | . . . . Feedback Blocked . | . . . . Robot Schematics Acquired . | . . . . Robots Built . | . . . . Authchips . | . . . . Time . | . . . . Total Robot Build Rating . | . . . . Part Schematics Acquired . | . . . . Parts Built . | . . . . Authchips . | . . . . Time . | . . . . Total Part Build Rating . | . . . . Part Studies Acquired 1 | . . . 1 Parts Repaired . | . . . . Time . | . . . . Parts Recycled . | . . . . Recycled Matter . | . . . . Retrieved Matter . | . . . . Retrieved Components . | . . . . Parts Scanalyzed . | . . . . Part Schematics Acquired . | . . . . Parts Damaged . | . . . . Bothacking | -11 -10 -10 -8 ------------ Run | Yrd Mat Sub Mat Used RIF Installer . | . . . . Robots Hacked . | . . . . Non-combat . | . . . . Combat . | . . . . Robot Hacks Applied . | . . . . Relay Couplers Released . | . . . . Fabnet Peak Effective % . | . . . . Robots Rewired . | . . . . Allies Hacked . | . . . . Hacks Repelled . | . . . . Allies | -11 -10 -10 -8 -------- Run | Yrd Mat Sub Mat Total Allies . | . . . . Largest Group . | . . . . Highest-Rated Group . | . . . . Highest-Rated Ally . | . . . . Total Orders . | . . . . Ally Attacks . | . . . . Total Damage . | . . . . Kills . | . . . . Allies Corrupted . | . . . . Allies Melted . | . . . . Intel | -11 -10 -10 -8 ------- Run | Yrd Mat Sub Mat Active Infowar (turns) 889 | . 510 379 . Structural 889 | . 510 379 . Robot Analysis Total 2 | . 2 . . Derelict Logs Recovered . | . . . . Drone Launches . | . . . . Drone Recoveries . | . . . . Exploration | -11 -10 -10 -8 ------------- Run | Yrd Mat Sub Mat Turns Passed 5933 | 71 2289 924 2649 Spaces Moved 2088 | 39 854 354 841 Core 4 | 4 . . . Treads 2084 | 35 854 354 841 Legs . | . . . . Wheels . | . . . . Hover . | . . . . Flight . | . . . . Fastest Speed 50 | 50 160 240 240 Average Speed 235 | 152 231 240 240 Slowest Speed 242 | 160 240 240 242 Overloaded Moves . | . . . . Propulsion Burnouts . | . . . . Robots Hopped . | . . . . Potential Cave-ins . | . . . . Cave-ins Triggered . | . . . . Exploration Rate (%) 50 | 4 98 26 73 Regions Visited 3 Branch Regions 1 Pre-discovered Areas 3 | . 2 1 . Known Exits Taken . | . . . . Unknown Exits Taken 3 | 1 1 1 . Scrap Searched 4 | . . 4 . Spaces Dug 2 | . . . 2 Terrain Destroyed 53 | . 4 2 47 Melee 2 | . . . 2 Projectile 2 | . . 2 . AOE 49 | . 4 . 45 Terrain Rammed . | . . . . Walls Destroyed . | . . . . Machines Disabled . | . . . . Actions | -11 -10 -10 -8 --------- Run | Yrd Mat Sub Mat Total 2644 | 48 1014 390 1192 Wait 127 | . 52 2 73 Move 2085 | 38 853 353 841 Hop . | . . . . Pick Up 62 | 5 14 5 38 Fast Attach 18 | 5 3 2 8 Attach 21 | . 5 1 15 Detach 4 | . . 2 2 Swap 34 | . 4 3 27 Drop 45 | . 4 1 40 Fire 242 | . 76 21 145 Melee 3 | . . . 3 Ram . | . . . . Kick . | . . . . Crush 3 | . 3 . . Escape Stasis . | . . . . Rewire . | . . . . Trap . | . . . . Miscellaneous . | . . . . Route ------- -11/Scrapyard -10/Materials (discovered 5 exits: [*Mat x3] / [*Min] / *Sub) -10/Subcaves (discovered 2 exits: *Mat / Rec) -8/Materials (discovered 2 exits: *Fac x2) History --------- Turn | Location | Event 27 | -11/Scrapyard | Discovered new exit (range 15) 72 | -11/Scrapyard | Entered Materials 308 | -10/Materials | Build established: Mutant 430 | -10/Materials | Discovered new exit (range 6) 505 | -10/Materials | Core integrity fell below 50% 743 | -10/Materials | Discovered new exit (range 16) 1377 | -10/Materials | Discovered new exit (range 16) 1639 | -10/Materials | Discovered new exit (range 7) 2321 | -10/Materials | Discovered new exit (range 8) 2361 | -10/Materials | Entered Subcaves 2362 | -10/Subcaves | Approached by a straggling Scientist 2458 | -10/Subcaves | Shifting Twisted Machinery released Shrapnel Trap 2461 | -10/Subcaves | Shifting Twisted Machinery released Enh. Flamer 2495 | -10/Subcaves | Disturbed a concealed Subdweller 2615 | -10/Subcaves | Core integrity fell below 20% 2786 | -10/Subcaves | A swath of the cavern ceiling suddenly collapsed 3133 | -10/Subcaves | Visited Clippyterm 3141 | -10/Subcaves | Identified exit to Recycling 3141 | -10/Subcaves | Learned location of Deep Caves (-6) 3276 | -10/Subcaves | Discovered new exit (range 5) 3285 | -10/Subcaves | Entered Materials 3285 | -8/Materials | Evolved 4 slots: Propulsion x2, Utility x2 3505 | -8/Materials | Lost 3 parts (1p2n) 3591 | -8/Materials | Lost 4 parts (1p1n2w) 3853 | -8/Materials | Build established: Scavenger-Mutant 4234 | -8/Materials | Discovered new exit (range 10) 4652 | -8/Materials | Discovered new exit (range 16) 4692 | -8/Materials | Identified exit to Factory 5393 | -8/Materials | Central database locked down 5584 | -8/Materials | Build established: Mutant 5772 | -8/Materials | Core integrity fell below 50% 5814 | -8/Materials | Lost 3 parts (1p1u1w) 5934 | -8/Materials | Self-destructed Last Messages --------------- 05803_ Slug penetrates Wall. 05810_ Wall collapses. 05810_ Acquired 12 matter. 05812_ Slug penetrates Wall. 05819_ H-55 Commando suffers critical hit (Burn). 05819_ Lgt. Nuclear Core melted. 05819_ H-55 Commando destroyed. 05823_ The unstable cave ceiling collapses. 05852_ Connecting with Terminal... 05885_ Cooling System destroyed. 05886_ G-47 Trooper suffers critical hit (Burn). 05890_ G-47 Trooper heat short circuits Particle Gun. 05890_ G-47 Trooper critical meltdown. 05890_ Aluminum Leg melted. 05892_ Lgt. Treads destroyed. 05896_ G-47 Trooper destroyed. 05901_ Acquired 5 matter. 05906_ Acquired Lgt. Nuclear Core. Map ----- +----------------------------------------------------+ | | | | | | | | | | | | | | | | | | | | | | | | | | | | | | | | | | | ####?###############?????????????????????????????? | | # ! ## ! #?????????????????????????????? | | #""" ## """########??????????????????????? | | ""#""" = ## """## #??????????????????????? | | ! Y"#""" ## """## #??????????????????????? | | ""# ! ?# #??????????????????????? | | # ???# % # #??????????????????????? | | #+####+#########"### ! #####Y########??????????? | | =% + #@ # #??####????? | | =!# # """ # < #? ????? | | ## ### ######### # "" # """ # #? """ ????? | | ?# ### ## #???# # "T # !! """ + # """""????? | | ## ##[ ###?# + "" # !! # # """""????? | | " % ##?# # # "" # + """""????? | | % ## ######! S"" # # """ ???? | | ## # #???# "" # # ??? | | ## # #???########### #? ] #? | | ## " % #?????????????# #?#########? | | ## ## #?????????????# ############ | | ## ## # ###+###???????????### = | | # # # ????????????#"" % = | | + ##### ### #??????????#"T % %% | | # #???##??# #??????????#"" T ###+# | | # #???????# #??????????### " # =%% | | ## ##???????# #????????????# # ="" | | ## %########## #????????????# # ! R | | ?# !##!!!!!!## #????????????# """ # "" | | ?# ##!!!!!!## #????????????# """ # ] | | ## ## ##############+######## """ ##### | | # # #????????# =]]= %] ]=! #???? | | # #?###????# ]*!] ====] #???? | | # #? ##???# =%==! ==%=[ # | | # ### # #???# ###################] + "" | +----------------------------------------------------+ Best States ------------- Heat Dissipation 55 Energy Generation 14 Energy Capacity 265 Matter Stores 300 Matter Capacity 300 Sight Range 16 Terrain Scan Density 10 Armor Coverage 225 Resistance: TH 10 Evasion (%) 40 Targeting Accuracy 5 Recoil Reduction 4 Item Schematics ----------------- None Robot Schematics ------------------ None Fabricated ------------ Nothing Repaired ---------- Nothing Studied --------- Flak Cannon | -8/Materials | Hacked Alien Tech Used ----------------- None Achievements -------------- None Challenges ------------ None Game ------ Seed ControlMetaTube Manual? 0 Play Time 00:31:15 Cumulative 381.0 hours Start 2026.09.11 @ 17:08:34 End 2026.09.11 @ 17:32:40 Sessions 1 Manual Loads 0 Difficulty Rogue Special Mode None Game No. 346 Rogue 292 Adventurer 54 Explorer 0 Win Type - Total 21 Types 14/1/1/1/1/0/1/1/0/1 Lore% 83 Gallery% 70 Achievement% 69 Wizard Run 0 Options --------- Layout 1 ASCII 0 Keyboard 0 Movement Mouse Keybinds 1 Fullscreen 2 Font 32/Tamsyn Map View 50x35 Zoom Use 0% Tactical HUD 1 Map Filters NONE Filters NONE Steam 1 RUN: 4aa38b5b-1d2a-41d4-acc0-05413cb83569